 Dungeon Crawl Stone Soup version 0.30.1-11-g7821555f0a (webtiles) character file.

Game seed: 14744930071276849984

28630 bnorton916 the Eclecticist (level 13, -7/94 HPs)
             Began as a Deep Elf Conjurer on Dec 7, 2023.
             Was an Initiate of Gozag.
             Mangled by a cane toad (14 damage)
             ... on level 3 of the Lair of Beasts on Dec 8, 2023.
             The game lasted 00:46:33 (24652 turns).

bnorton916 the Eclecticist (Deep Elf Conjurer)     Turns: 24652, Time: 00:46:34

Health: -7/94      AC: 26    Str:  6    XL:     13   Next: 10%
Magic:  6/45       EV:  2    Int: 27    God:    Gozag
Gold:   473        SH:  0    Dex: 13    Spells: 22/46 levels left

rFire   x . .        u - +2 short sword (venom)
rCold   + . .        (no shield)
rNeg    . . .        a - melded +0 robe
rPois   +            (helmet currently unavailable)
rElec   .            (cloak currently unavailable)
rCorr   .            (gloves currently unavailable)
SInv    .            (boots currently unavailable)
Will    +....        A - amulet of the acrobat
Stlth   ++           D - ring of magical power
HPRegen 0.35/turn    d - ring of ice
MPRegen 0.29/turn

%: acrobat
@: tree-form
A: stationary, stasis, torment immunity, boosted hp
a: Renounce Religion, Potion Petition, Call Merchant, Bribe Branch


You were on level 3 of the Lair of Beasts.
You worshipped Gozag.
Gozag was aware of your devotion.
You were a tree.
You visited 3 branches of the dungeon, and saw 15 of its levels.
You also visited: Ice Cave.

You collected 2293 gold pieces.
You spent 341 gold pieces at shops.
You paid 1479 gold pieces to Gozag.

Inventory:

Hand Weapons
 b - a +3 sling of freezing
 k - a +1 whip of freezing
 s - a +1 dagger of venom
 u - a +2 short sword of venom (weapon)
 y - a +0 dagger of freezing
 S - a +1 glaive of freezing
Missiles
 j - 25 poisoned darts
 N - a throwing net
Armour
 a - a +0 robe (melded)
 R - a +0 scale mail of cold resistance
Magical Staves
 v - a staff of poison
Jewellery
 d - a ring of ice (right branch)
 A - an amulet of the acrobat (around neck)
 D - a ring of magical power (left branch)
 E - a ring of poison resistance
 F - a ring of flight
 O - a ring of willpower
 Q - a ring of ice
Wands
 p - a wand of digging (2)
 B - a wand of flame (21)
 K - a wand of polymorph (8)
 T - a wand of paralysis (6)
Scrolls
 g - 2 scrolls of fog
 h - 2 scrolls of enchant armour
 i - 4 scrolls of teleportation
 m - 2 scrolls of noise
 C - 2 scrolls of poison
 H - a scroll of enchant weapon {unknown}
 L - 3 scrolls of torment
 P - a scroll of vulnerability {unknown}
Potions
 c - 3 potions of haste
 e - 2 potions of curing
 f - 3 potions of lignification
 n - 3 potions of degeneration
 o - a potion of berserk rage {unknown}
 q - 2 potions of mutation {unknown}
 r - 2 potions of attraction {unknown}
 t - 3 potions of might {unknown}
 G - 4 potions of flight
 I - 3 potions of cancellation


   Skills:
 - Level 2.4 Dodging
 - Level 2.4 Stealth
 - Level 4.0 Shields
 - Level 17.1 Spellcasting
 - Level 14.9 Conjurations
 - Level 5.0 Hexes
 - Level 4.0 Translocations
 - Level 5.3 Fire Magic
 + Level 8.0 Ice Magic
 - Level 3.0 Air Magic
 - Level 4.0 Poison Magic


You had 22 spell levels left.
You knew the following spells:

 Your Spells              Type           Power      Damage    Failure   Level
a - Magic Dart            Conj           100%       1d8       0%          1
b - Searing Ray           Conj           100%       2d8       0%          2
c - Fulminant Prism       Conj/Hex       33%        3d15      1%          4
d - Iskenderun's Mystic   Conj/Tloc      65%        2d13      1%          4
e - Freezing Cloud        Conj/Ice/Air   40%        6-21      1%          5
f - Sticky Flame          Conj/Fire      67%        2d8       1%          4
g - Flame Wave            Conj/Fire      67%        2d15      1%          4

Your spell library contained the following spells:

 Spells                   Type           Power      Damage    Failure   Level
 Apportation              Tloc           88%        N/A       1%          1
 Freeze                   Ice            100%       1d10      1%          1
 Kiss of Death            Conj/Necr      100%       2d13      1%          1
 Necrotise                Necr           92%        1d8       1%          1
 Summon Small Mammal      Summ           92%        N/A       1%          1
 Dazzling Flash           Conj/Hex       100%       N/A       1%          3
 Inner Flame              Hex/Fire       50%        N/A       1%          3
 Ozocubu's Armour         Ice            79%        N/A       1%          3
 Summon Guardian Golem    Hex/Summ       36%        N/A       2%          3
 Sublimation of Blood     Necr           23%        N/A       3%          2
 Wereblood                Tmut           23%        N/A       3%          2
 Call Canine Familiar     Summ           23%        N/A       6%          3
 Summon Lightning Spire   Summ/Air       31%        N/A       11%         4
 Alistair's Intoxication  Tmut/Pois      22%        N/A       26%         5
 Ozocubu's Refrigeration  Ice            39%        4d16      54%         7
 Storm Form               Tmut/Air       15%        N/A       100%        7
 Summon Hydra             Summ           11%        N/A       100%        7
 Maxwell's Capacitive Co  Air            19%        ∞         100%        8
 Necromutation            Tmut/Necr      11%        N/A       100%        8
 Polar Vortex             Ice            39%        N/A       100%        9
 Animate Dead             Necr           Unusable   N/A       N/A         4
 Simulacrum               Ice/Necr       Unusable   N/A       N/A         6

Dungeon Overview and Level Annotations

Branches:
Dungeon (10/15)            Temple (1/1) D:6            Lair (4/5) D:9
 Shoals (0/4) Lair:3        Snake (0/4) Lair:3        IceCv (visited)
  Slime: Lair:4-5       Orc: D:9-12

Altars:
Ashenzari
Cheibriados
Dithmenos
Elyvilon
Fedhas
Gozag
Hepliaklqana
Kikubaaqudgha
Makhleb
Nemelex Xobeh
Okawaru
Qazlal
Ru
Sif Muna
Vehumet
Wu Jian
Xom
Yredelemnul
Zin
The Shining One

Shops:
D:4 (   D:10 (   Lair:1 ![

Annotations:
D:10 Harold


Message History

Your butterfly disappears in a burst of colours!
Your butterfly is engulfed in poison gas.
Your butterfly is poisoned.
You kill your butterfly!
Your butterfly disappears in a burst of colours!
Your butterfly is engulfed in poison gas.
Your butterfly is poisoned.
You kill your butterfly!
Your butterfly disappears in a burst of colours!
Unknown command.
Your butterfly is engulfed in poison gas.
Your butterfly is poisoned.
You kill your butterfly!
Your butterfly disappears in a burst of colours!
Your butterfly is engulfed in freezing vapours.
You kill your butterfly!
Your butterfly disappears in a burst of colours!
Your butterfly is engulfed in poison gas.
Your butterfly is poisoned.
You kill your butterfly!
Your butterfly disappears in a burst of colours!
The cane toad completely misses you.
The elephant tramples you but does no damage.
The elephant trunk-slaps you but does no damage.
Your butterfly is engulfed in poison gas.
Your butterfly is poisoned.
You kill your butterfly!
Your butterfly disappears in a burst of colours!
Your butterfly is engulfed in poison gas.
Your butterfly is poisoned.
You kill your butterfly!
Your butterfly disappears in a burst of colours!
Unknown command.
Unknown command.
Unknown command.
As you read the scroll labelled REDIPH HIAMIBB, it crumbles to dust.
The creatures around you are filled with an inner flame!
It was a scroll of immolation.
The cane toad stings you!
You die...
Your body crumbles into a pile of gold.

,,,,,,,,,,,,,,,,,,,***,,,,,,,,,,,
,,,,,,,,,,,,,,,,,,,,,,,,,,,,,,,,,
,,,,,,,,,,,,,,,,,,,,,,,,,,,,,,,,,
********##****#####***##*********
,,,*,,,*...**##>☼>##*.☼,**,,,**,,
,*,,,*,,,♣☼.♣#$.☼.○#.♣**,,***,,**
*****,*****♣°$b...$∩.♣ *,,* *,,*
,*,,,*,,,♣..♣#.☼☼F.#.♣**,,***,,**
,,,*,,,*...**##Y♣$##*hF,**,,,**,,
*****,**##** ##### **##***,*****
,,***,** *****,********,*,*,*,,
,,**,,,** *$,,,,,,,,,,***,*,**,,
,,*,*+*,* *,*********,**,*,*,*,,
,,*,*,*,* *,*,,,,,,,*,***,*,**,,
,,*,*,*,* *,*,*****,*,**,*,*,*,,
,,*,*,*,* *,*,*,,**,*,***,*,**,,
,,*,*,*,****,*,*,,**,*,****,***,,


You could see an elephant (inner flame, ally target) and a cane toad (inner
flame).

Vanquished Creatures
  A hydra (Lair:1)
  A catoblepas (Lair:4)
  5 death yaks
  2 skysharks
  A necromancer (IceCv)
  Pikel (D:4)
  An ugly thing (IceCv)
  5 elephants (Lair:3)
  A black mamba (Lair:2)
  An ice statue (IceCv)
  3 rime drakes
  7 cane toads
  3 anaconda simulacra (IceCv)
  A kobold demonologist (D:10)
  A freezing wraith (IceCv)
  12 ice devils
  2 komodo dragons (Lair:1)
  An unseen horror (D:10)
  A polar bear (D:9)
  4 blink frogs (Lair:1)
  7 dream sheep (Lair:1)
  Grinder (D:3)
  4 yaks (D:9)
  3 wyverns
  A shadow (D:9)
  3 dire elephant simulacra (IceCv)
  4 death yak simulacra (IceCv)
  A basilisk (Lair:4)
  Grum (D:8)
  3 steam dragons
  Menkaure (D:7)
  3 harpy simulacra (IceCv)
  2 hydra simulacra (IceCv)
  4 water moccasins
  7 ice beasts
  2 sky beasts
  3 black bears
  An orc warrior (D:9)
  An ogre (D:5)
  2 phantoms
  A centaur (D:8)
  19 wolves
  3 lemures (D:4)
  A kobold brigand (D:9)
  12 bullfrogs
  2 gnoll sergeants
  A two-headed ogre simulacrum (IceCv)
  A cane toad simulacrum (IceCv)
  8 wights (D:9)
  4 elephant simulacra (IceCv)
  A howler monkey (D:10)
  4 jellies
  4 hounds
  An orc priest (D:6)
  3 gnoll boudas (D:7)
  2 sleepcaps
  Terence (D:3)
  6 orc wizards
  6 hell rats (Lair:4)
  7 polar bear simulacra (IceCv)
  A spriggan simulacrum (IceCv)
  A troll simulacrum (IceCv)
  4 wolf simulacra (IceCv)
  19 gnolls
  9 adders
  A naga simulacrum (IceCv)
  A shadow imp (D:7)
  4 white imps
  2 ufetubi
  2 worms (D:2)
  3 dart slugs
  22 orcs
  2 ball pythons
  4 endoplasms
  4 giant cockroaches
  7 hobgoblins
  2 quokkas
  A bat (D:1)
  5 frilled lizards
  3 goblins
  14 kobolds
  3 rats
  A fulminant prism (D:9)
310 creatures vanquished.

Vanquished Creatures (others)
  95 fulminant prisms
95 creatures vanquished.

Grand Total: 405 creatures vanquished

Notes
Turn   | Place    | Note
-------+----------+-------------------------------------------
     0 | D:1      | bnorton916 the Deep Elf Conjurer began the quest for the
                  | Orb.
     0 | D:1      | Reached XP level 1. HP: 10/10 MP: 6/6
   533 | D:1      | Reached XP level 2. HP: 14/15 MP: 0/8
   840 | D:1      | Learned a level 2 spell: Searing Ray
  1386 | D:2      | Reached skill level 4 in Spellcasting
  1386 | D:2      | Reached skill level 5 in Conjurations
  1386 | D:2      | Reached XP level 3. HP: 19/19 MP: 5/10
  2100 | D:2      | Reached XP level 4. HP: 24/24 MP: 9/12
  2280 | D:3      | Noticed Terence
  2284 | D:3      | Killed Terence
  2285 | D:3      | Reached skill level 5 in Spellcasting
  2859 | D:3      | Noticed Grinder
  2882 | D:3      | Killed Grinder
  2883 | D:3      | Reached skill level 6 in Spellcasting
  2883 | D:3      | Reached XP level 5. HP: 28/28 MP: 6/15
  2883 | D:3      | Reached XP level 6. HP: 32/32 MP: 6/17
  3170 | D:3      | Learned a level 4 spell: Fulminant Prism
  3175 | D:3      | Learned a level 4 spell: Iskenderun's Mystic Blast
  3500 | D:3      | Found a glowing golden altar of the Shining One.
  3563 | D:3      | Found a burning altar of Makhleb.
  4100 | D:4      | Found a shadowy altar of Dithmenos.
  4257 | D:4      | Noticed Pikel
  4270 | D:4      | Killed Pikel
  4271 | D:4      | Reached skill level 7 in Spellcasting
  4271 | D:4      | Reached XP level 7. HP: 32/36 MP: 11/20
  4954 | D:4      | Reached XP level 8. HP: 38/41 MP: 11/21
  5190 | D:4      | Found Rexuemarph's Antique Weapon Boutique.
  5234 | D:5      | Entered Level 5 of the Dungeon
  5309 | D:5      | Reached skill level 8 in Spellcasting
  5970 | D:5      | Reached skill level 5 in Hexes
  6593 | D:6      | Found a staircase to the Ecumenical Temple.
  6605 | Temple   | Entered the Ecumenical Temple
  6605 | Temple   | Found a transporter.
  6605 | Temple   | Found a transporter.
  6607 | Temple   | Found a transporter.
  6607 | Temple   | Found a transporter.
  6628 | Temple   | Became a worshipper of Gozag Ym Sagoz the Greedy
  7001 | D:6      | Reached skill level 9 in Spellcasting
  7871 | D:7      | Reached skill level 10 in Spellcasting
  7941 | D:7      | Reached XP level 9. HP: 45/45 MP: 25/25
  8137 | D:7      | Noticed Menkaure
  8143 | D:7      | Killed Menkaure
  8969 | D:7      | Found a stormy altar of Qazlal.
  9619 | D:7      | Found a blossoming altar of Fedhas.
 10407 | D:8      | Reached skill level 11 in Spellcasting
 10407 | D:8      | Reached skill level 10 in Conjurations
 10618 | D:8      | Noticed Grum
 10635 | D:8      | Killed Grum
 10735 | D:8      | Reached skill level 12 in Spellcasting
 11399 | D:9      | Reached XP level 10. HP: 50/50 MP: 28/28
 11869 | D:9      | Reached skill level 13 in Spellcasting
 12554 | D:9      | Found a staircase to the Lair.
 12848 | D:9      | Reached skill level 14 in Spellcasting
 13271 | D:10     | Entered Level 10 of the Dungeon
 13271 | D:10     | Found Uprid's Weapon Shop.
 13518 | D:10     | Noticed Harold
 14038 | Lair:1   | Entered Level 1 of the Lair of Beasts
 14043 | Lair:1   | Reached XP level 11. HP: 31/54 MP: 31/31
 14125 | Lair:1   | Reached skill level 15 in Spellcasting
 14238 | Lair:1   | Bought a potion of haste for 110 gold pieces
 14238 | Lair:1   | Bought 2 potions of heal wounds for 110 gold pieces
 14238 | Lair:1   | Bought a potion of cancellation for 88 gold pieces
 14238 | Lair:1   | Bought a potion of flight for 33 gold pieces
 14363 | Lair:1   | Noticed a six-headed hydra
 14375 | Lair:1   | Killed a six-headed hydra
 14561 | Lair:1   | Found a frozen archway.
 14690 | IceCv    | Entered an ice cave
 15457 | IceCv    | Learned a level 4 spell: Flame Wave
 15462 | IceCv    | Learned a level 4 spell: Sticky Flame
 15815 | IceCv    | Reached skill level 16 in Spellcasting
 16099 | IceCv    | Reached skill level 1 in Fire Magic
 16106 | IceCv    | Noticed a white ugly thing
 16116 | IceCv    | Killed a white ugly thing
 19691 | IceCv    | Glimpsed the power of Zot.
 19755 | IceCv    | Reached XP level 12. HP: 59/59 MP: 30/34
 19774 | IceCv    | Reached skill level 17 in Spellcasting
 19774 | IceCv    | Reached skill level 5 in Fire Magic
 20010 | IceCv    | Got the Verses on the Decaying Tundra
 20064 | IceCv    | Found an ancient bone altar of Kikubaaqudgha.
 20080 | IceCv    | Got the Discursus on Frost
 20189 | Lair:1   | Learned a level 5 spell: Freezing Cloud
 20434 | Lair:1   | Reached skill level 1 in Ice Magic
 20434 | Lair:1   | Reached skill level 1 in Air Magic
 20434 | Lair:1   | Reached skill level 1 in Poison Magic
 23100 | Lair:2   | Noticed a death yak
 23102 | Lair:2   | Noticed a death yak
 23102 | Lair:2   | Noticed a death yak
 23103 | Lair:2   | Noticed a death yak
 23108 | Lair:2   | Killed a death yak
 23108 | Lair:2   | Killed a death yak
 23109 | Lair:2   | Reached skill level 1 in Shields
 23110 | Lair:2   | Killed a death yak
 23112 | Lair:2   | Killed a death yak
 23442 | Lair:2   | Reached skill level 5 in Ice Magic
 23883 | Lair:2   | You fall into a shaft and drop 2 floors!
 24088 | Lair:4   | Noticed a catoblepas
 24099 | Lair:4   | Killed a catoblepas
 24602 | Lair:3   | Reached XP level 13. HP: 63/63 MP: 19/36
 24652 | Lair:3   | Mangled by a cane toad

Illustrated notes

Levels and vault maps discovered:
D:1:      dpeg_arrival_signposts, layout_basic, minivault_27
D:2:      layout_loops_ring
D:3:      layout_loops_ring, lemuel_doored_altar, mainiacjoe_overflow_alcove_2,
          uniq_terence, uniq_grinder
D:4:      layout_cave_pods, grunt_dithmenos_smoke, serial_shops, shop,
          uniq_pikel
D:5:      layout_loops_ring
D:6:      layout_loops_ring, minmay_temple_entry_sparse_star
D:7:      layout_cave_pods, mainiacjoe_overflow_brackets,
          fedhas_altar_fruit_tree, nicolae_grassy_gnolls, uniq_menkaure
D:8:      layout_loops_ring, minmay_misc_feat_enclosed, uniq_grum
D:9:      layout_big_octagon, hellmonk_lair_entry_icy
D:10:     layout_loops_cross, mainiacjoe_overflow_divided_tiny, serial_shops,
          nicolae_shop_real_fake_doors, nicolae_shop_tiny_real_fake_doors, shop,
          shop, uniq_harold
Temple:   hellmonk_temple_divided_pantheon
Lair:1:   layout_cave_pods, portal_ice_cave_demonic_guard, grunt_megastairs_4
Lair:2:   layout_cave_shapes, uniq_amaemon
Lair:3:   nzn_winding_woodlands_stair_trap
          [nzn_winding_woodlands_5x15_pathside_ponds,
          nzn_winding_woodlands_5x15_pockets,
          nzn_winding_woodlands_5x15_longhouse,
          nzn_winding_woodlands_15x15_boxy_spiral,
          nzn_winding_woodlands_5x15_split_checker,
          nzn_winding_woodlands_5x15_twine, nzn_winding_woodlands_5x15_zeroes],
          layout_chaotic_city, nicolae_shoals_entry_flooding,
          nicolae_snake_entry_squirm, chequers_serial_rivers_room_b
Lair:4:   layout_long_grid, gammafunk_lair_bear_cave, lemuel_fruit_tree

Skill      XL: |  1  2  3  4  5  6  7  8  9 10 11 12 13 |
---------------+----------------------------------------+-----
Spellcasting   | 4 6 7 10 12 14 16 17 | 17.1
Conjurations   | 5 6 7 9 11 13 14 | 14.9
Hexes          | 3 4 5 |  5.0
Translocations | 2 3 4 |  4.0
Fire Magic     | 4 5 |  5.3
Ice Magic      | 6 8 |  8.0
Air Magic      | 3 |  3.0
Poison Magic   | 4 |  4.0
Shields        | 4 |  4.0
Dodging        | |  2.4
Stealth        | |  2.4

Action                     |  1- 3 |  4- 6 |  7- 9 | 10-12 | 13-15 || total
---------------------------+-------+-------+-------+-------+-------++-------
  Melee: Short sword       |       |       |       |     2 |     4 ||     6
         Punch             |       |       |       |       |     2 ||     2
   Cast: Magic Dart        |    82 |    37 |   113 |   144 |       ||   376
         Searing Ray       |     1 |    12 |    39 |    54 |     2 ||   108
         Fulminant Prism   |       |       |    25 |    71 |       ||    96
         Iskenderun's Myst |       |       |     5 |    71 |     4 ||    80
         Flame Wave        |       |       |       |     4 |       ||     4
         Sticky Flame      |       |       |       |     1 |       ||     1
         Freezing Cloud    |       |       |       |    26 |     1 ||    27
 Invoke: Call Merchant     |       |       |       |     2 |       ||     2
  Evoke: Wand              |       |     5 |       |       |       ||     5
    Use: Scroll            |       |       |       |    14 |     6 ||    20
         Potion            |       |       |       |     5 |     4 ||     9
 Armour: Robe              |     9 |     1 |     1 |     4 |     1 ||    16
         Skin              |       |       |       |       |    58 ||    58
  Dodge: Dodged            |    22 |     8 |    53 |    65 |    17 ||   165
